 Dungeon Crawl Stone Soup version 0.23-a0-582-g1b4a0ca (webtiles) character file.

108 Leeroy the Charmwright (level 4, -4/38 HPs)
             Began as a Gnoll Skald on Dec 16, 2018.
             Slain by a white imp (5 damage)
             ... summoned by Natasha
             ... on level 3 of the Dungeon.
             The game lasted 00:09:00 (1969 turns).

Leeroy the Charmwright (Gnoll Skald)                Turns: 1969, Time: 00:09:01

Health: -4/38      AC:  3    Str: 13    XL:     4   Next: 87%
Magic:  10/11      EV: 14    Int: 15    God:
Gold:   115        SH:  0    Dex: 16    Spells: 0/13 levels left

rFire    . . .     SeeInvis .   p - -1 short sword (curse)
rCold    . . .     Gourm    .   (no shield)
rNeg     . . .     Faith    .   b - +0 leather armour
rPois    .         Spirit   .   (no helmet)
rElec    .         Reflect  .   (no cloak)
rCorr    .         Harm     .   (no gloves)
MR       .....                  (no boots)
Stlth    ++........             (no amulet)
HPRegen  0.12/turn              (no ring)
MPRegen  0.12/turn              (no ring)

@: no status effects
A: distributed training, fangs 1, strong nose
a: no special abilities


You were on level 3 of the Dungeon.
You were not hungry.

You visited 1 branch of the dungeon, and saw 3 of its levels.

You collected 115 gold pieces.

Inventory:

Hand Weapons
 a - a +0 falchion
 f - a cursed -1 hand axe
 j - a +0 hunting sling
 n - a +0 club
 p - a cursed -1 short sword (weapon)
Missiles
 k - 52 bolts
 l - 109 stones (quivered)
 o - 22 poisoned needles
 q - a throwing net
 w - 18 sling bullets
 A - 23 arrows
Armour
 b - a +0 leather armour (worn)
 g - a +2 shield
Jewellery
 u - an uncursed ring of magical power {unknown}
 x - an uncursed ring of fire
Wands
 y - a wand of flame (15)
Scrolls
 h - 2 scrolls of identify
 t - a scroll of teleportation
Potions
 c - 3 potions of curing
 e - 2 potions of might {unknown}
 i - a potion of ambrosia {unknown}
 m - a potion of lignification {unknown}
 r - a potion of cancellation {unknown}
 s - a potion of haste {unknown}
 v - a potion of degeneration {unknown}
Comestibles
 d - 3 rations
 z - 2 chunks of flesh


   Skills:
 + Level 4.7 Fighting
 + Level 1.2 Short Blades
 + Level 4.7 Long Blades
 + Level 1.2 Axes
 + Level 1.2 Maces & Flails
 + Level 1.2 Polearms
 + Level 1.2 Staves
 + Level 1.2 Slings
 + Level 1.2 Bows
 + Level 1.2 Crossbows
 + Level 1.2 Throwing
 + Level 2.8 Armour
 + Level 4.7 Dodging
 + Level 1.2 Stealth
 + Level 1.2 Shields
 + Level 1.2 Unarmed Combat
 + Level 5.1 Spellcasting
 + Level 1.0 Conjurations
 + Level 1.0 Hexes
 + Level 5.5 Charms
 + Level 1.0 Summonings
 + Level 1.0 Necromancy
 + Level 1.0 Translocations
 + Level 1.0 Transmutations
 + Level 1.0 Fire Magic
 + Level 1.0 Ice Magic
 + Level 1.0 Air Magic
 + Level 1.0 Earth Magic
 + Level 1.0 Poison Magic
 + Level 1.3 Invocations
 + Level 1.2 Evocations


You couldn't memorise any spells.
You knew the following spells:

 Your Spells              Type           Power        Failure   Level  Hunger
a - Infusion              Chrm           ###.         2%          1    None
b - Song of Slaying       Chrm           ###.....     3%          2    ##.....
c - Shroud of Golubria    Chrm/Tloc      ##........   9%          2    ##.....
d - Regeneration          Chrm/Necr      ##........   16%         3    ###....
e - Spectral Weapon       Hex/Chrm       ##......     16%         3    ###....
f - Ensorcelled Hibernat  Hex/Ice        #.....       21%         2    ##.....

Your spell library contained the following spells:

 Spells                   Type           Power        Failure   Level  Hunger
 Corona                   Hex            #......      14%         1    None
 Confuse                  Hex            #.......     38%         3    ###....
 Dazzling Spray           Conj/Hex       #.....       38%         3    ###....
 Tukima's Dance           Hex            #.......     38%         3    ###....


Dungeon Overview and Level Annotations

Branches:
Dungeon (3/15)

Altars:
Sif Muna

Annotations:
D:3 Natasha


Innate Abilities, Weirdness & Mutations

Your experience applies equally to all skills.
You have very sharp teeth.
Your uncanny sense of smell can sniff out nearby items.


Message History

The orc shouts!
Level annotation: Natasha Welcome back, Leeroy the Gnoll Skald.
Press ? for a list of commands and other information.
You closely miss the white imp.
You bite the white imp, but do no damage.
The white imp gestures at you. The puff of frost hits you!
You hit the white imp but do no damage.
The quokka bites you but does no damage.
The white imp shouts, "Quit, thou odious clay-brained clotpole!"
The white imp gestures at you. The puff of frost hits you!
* * * LOW HITPOINT WARNING * * *
The quokka bites you.
* * * LOW HITPOINT WARNING * * *
The white imp hits you.
* * * LOW HITPOINT WARNING * * *
The white imp freezes you.
You die...

#..#..# ### ∆
##...## ..# ∆
##.....## #.#
#.5###5.##
#.# ..##
##..## #.#
###
##.h###.###
##...<...####
#####.#5...#
∆ #h#.@.##
#.#r### #.hw#
#...o.#
#.....#
#..$..#
#....o#
#.....#
#....J#


You could see a worm, Natasha, a white imp, an orc and a quokka.

Vanquished Creatures
  Robin (D:2)
  5 adders (D:2)
  An ooze (D:2)
  2 dart slugs (D:1)
  3 leopard geckos
  10 goblins
  3 hobgoblins
  4 jackals (D:2)
  3 kobolds
  2 ball pythons (D:2)
  3 bats (D:2)
  A frilled lizard (D:1)
  5 rats
43 creatures vanquished.

Notes
Turn   | Place    | Note
-------+----------+-------------------------------------------
     0 | D:1      | Leeroy the Gnoll Skald began the quest for the Orb.
     0 | D:1      | Reached XP level 1. HP: 20/20 MP: 6/6
   364 | D:1      | Reached XP level 2. HP: 23/26 MP: 7/7
   372 | D:1      | Learned a level 2 spell: Song of Slaying
   375 | D:1      | Learned a level 2 spell: Shroud of Golubria
   918 | D:2      | Reached XP level 3. HP: 21/31 MP: 6/9
   923 | D:2      | Learned a level 3 spell: Regeneration
   927 | D:2      | Learned a level 3 spell: Spectral Weapon
   941 | D:2      | Reached skill level 5 in Spellcasting
  1049 | D:2      | Reached skill level 1 in Invocations
  1224 | D:2      | Reached skill level 1 in Short Blades
  1224 | D:2      | Reached skill level 1 in Axes
  1224 | D:2      | Reached skill level 1 in Maces & Flails
  1224 | D:2      | Reached skill level 1 in Polearms
  1224 | D:2      | Reached skill level 1 in Staves
  1224 | D:2      | Reached skill level 1 in Slings
  1224 | D:2      | Reached skill level 1 in Bows
  1224 | D:2      | Reached skill level 1 in Crossbows
  1224 | D:2      | Reached skill level 1 in Throwing
  1224 | D:2      | Reached skill level 1 in Stealth
  1224 | D:2      | Reached skill level 1 in Shields
  1224 | D:2      | Reached skill level 1 in Unarmed Combat
  1224 | D:2      | Reached skill level 1 in Evocations
  1224 | D:2      | Reached XP level 4. HP: 36/38 MP: 11/11
  1228 | D:2      | Learned a level 2 spell: Ensorcelled Hibernation
  1391 | D:2      | Found a deep blue altar of Sif Muna.
  1735 | D:2      | Noticed Robin
  1754 | D:2      | Reached skill level 1 in Conjurations
  1754 | D:2      | Reached skill level 1 in Hexes
  1754 | D:2      | Reached skill level 1 in Summonings
  1754 | D:2      | Reached skill level 1 in Necromancy
  1754 | D:2      | Reached skill level 1 in Translocations
  1754 | D:2      | Reached skill level 1 in Transmutations
  1754 | D:2      | Reached skill level 1 in Fire Magic
  1754 | D:2      | Reached skill level 1 in Ice Magic
  1754 | D:2      | Reached skill level 1 in Air Magic
  1754 | D:2      | Reached skill level 1 in Earth Magic
  1754 | D:2      | Reached skill level 1 in Poison Magic
  1767 | D:2      | Killed Robin
  1935 | D:3      | Noticed Natasha
  1969 | D:3      | HP: 1/38 [white imp[Natasha] (3)]
  1969 | D:3      | Slain by a white imp

Vault maps used:
D:1:      lightli_arrival_maybe_door_vault, hangedman_decor_clover_reticule
D:2:      lemuel_blue_sif_altar, uniq_robin
D:3:      trog_eyes_of_draining, uniq_natasha

Skill      XL: |  1  2  3  4 |
---------------+-------------+-----
Spellcasting   | 5 |  5.1
Invocations    | 1 |  1.3
Short Blades   | 1 |  1.2
Axes           | 1 |  1.2
Maces & Flails | 1 |  1.2
Polearms       | 1 |  1.2
Staves         | 1 |  1.2
Slings         | 1 |  1.2
Bows           | 1 |  1.2
Crossbows      | 1 |  1.2
Throwing       | 1 |  1.2
Stealth        | 1 |  1.2
Shields        | 1 |  1.2
Unarmed Combat | 1 |  1.2
Evocations     | 1 |  1.2
Conjurations   | 1 |  1.0
Hexes          | 1 |  1.0
Summonings     | 1 |  1.0
Necromancy     | 1 |  1.0
Translocations | 1 |  1.0
Transmutations | 1 |  1.0
Fire Magic     | 1 |  1.0
Ice Magic      | 1 |  1.0
Air Magic      | 1 |  1.0
Earth Magic    | 1 |  1.0
Poison Magic   | 1 |  1.0
Fighting       | |  4.7
Long Blades    | |  4.7
Armour         | |  2.8
Dodging        | |  4.7
Charms         | |  5.5

Action                   |  1- 3 |  4- 6 || total
-------------------------+-------+-------++-------
Melee: Falchion          |    59 |     4 ||    63
       Bite              |     8 |     9 ||    17
       Short sword       |       |    76 ||    76
       Punch             |       |     1 ||     1
 Cast: Shroud of Golubri |     1 |     1 ||     2
       Regeneration      |       |     4 ||     4
       Ensorcelled Hiber |       |     3 ||     3
       Spectral Weapon   |       |     1 ||     1
  Use: Scroll            |     1 |     5 ||     6
       Potion            |       |     1 ||     1
 Stab: Sleeping          |     1 |     1 ||     2
       Distracted        |       |     1 ||     1
  Eat: Chunk             |     1 |     3 ||     4
Armor: Leather armour    |    16 |    26 ||    42
Dodge: Dodged            |    46 |    75 ||   121
       Rpst.: Falchion   |    16 |       ||    16

Table legend:
 A = Non-vault XP
 B = Vault XP
 C = Vault XP percentage of total XP
 D = Non-vault monster count
 E = Vault monster count
 F = Vault count percentage of total count
                 A         B        C        D         E       F
            +---------+---------+-------+---------+---------+-------
      Total |     128 |      27 |  17.4 |      36 |       7 |  16.3
            +---------+---------+-------+---------+---------+-------
        D:1 |      20 |       0 |   0.0 |       9 |       0 |   0.0
        D:2 |     108 |      27 |  20.0 |      27 |       7 |  20.6
            +---------+---------+-------+---------+---------+-------
